 Dungeon Crawl Stone Soup version 0.28.0-53-g5a82cb258f (webtiles) character file.

Game seed: 18393284073289191689

168 bnorton916 the Magician (level 5, -1/28 HPs)
             Began as a Deep Elf Fire Elementalist on May 27, 2022.
             Slain by an ogre
             ... wielding a +0 giant club
              (14 damage)
             ... on level 4 of the Dungeon.
             The game lasted 00:04:14 (3927 turns).

bnorton916 the Magician (DEFE)                      Turns: 3927, Time: 00:04:14

Health: -1/28      AC:  2    Str:  5    XL:     5   Next: 24%
Magic:  8/14       EV: 12    Int: 22    God:
Gold:   86         SH:  0    Dex: 15    Spells: 10/13 levels left

rFire   . . .      SeeInvis .   (no weapon)
rCold   . . .      Faith    .   (no shield)
rNeg    . . .      Spirit   .   a - +0 robe
rPois   .          Reflect  .   (no helmet)
rElec   .          Harm     .   (no cloak)
rCorr   .          Rampage  .   (no gloves)
Will    +....                   (no boots)
Stlth   ++........              (no amulet)
HPRegen 0.09/turn               l - ring of wizardry
MPRegen 0.14/turn               i - ring of willpower

@: no status effects
A: no striking features
a: no special abilities


You were on level 4 of the Dungeon.
You visited 1 branch of the dungeon, and saw 4 of its levels.

You collected 86 gold pieces.

Inventory:

Missiles
 d - 23 stones
 n - 3 poisoned darts
Armour
 a - a +0 robe (worn)
Jewellery
 i - a ring of willpower (right hand)
 l - a ring of wizardry (left hand)
 m - a +6 ring of strength
Scrolls
 b - 3 scrolls of identify {unknown}
 e - 2 scrolls of noise {unknown}
 f - a scroll of amnesia {unknown}
 h - a scroll of brand weapon {unknown}
 j - a scroll of fog {unknown}
 k - a scroll of magic mapping {unknown}
Potions
 c - 2 potions of cancellation {unknown}
 g - 2 potions of heal wounds
 o - a potion of attraction {unknown}


   Skills:
 - Level 2.4 Dodging
 - Level 2.4 Stealth
 + Level 4.9 Spellcasting
 + Level 3.2 Conjurations
 + Level 4.6 Fire Magic
 + Level 0.0 Earth Magic


You had 10 spell levels left.
You knew the following spells:

 Your Spells              Type           Power      Damage    Failure   Level
a - Foxfire               Conj/Fire      88%        2x1d8     1%          1
b - Searing Ray           Conj           38%        2d5       1%          2

Your spell library contained the following spells:

 Spells                   Type           Power      Damage    Failure   Level
 Magic Dart               Conj           76%        1d6       1%          1
 Scorch                   Fire           52%        2d7       1%          2
 Conjure Flame            Conj/Fire      22%        6-21      2%          3
 Sandblast                Erth           10%        2d5       4%          1
 Inner Flame              Hex/Fire       15%        N/A       4%          3
 Corpse Rot               Necr/Air       10%        N/A       6%          2
 Passwall                 Tmut/Erth      4%         N/A       6%          2
 Poisonous Vapours        Pois/Air       10%        N/A       6%          2
 Stone Arrow              Conj/Erth      24%        3d8       6%          3
 Flame Wave               Conj/Fire      22%        2d7       9%          4
 Fulminant Prism          Conj/Hex       6%         3d7       21%         4
 Chain Lightning          Conj/Air       6%         3d8       100%        9
 Fire Storm               Conj/Fire      11%        8d3       100%        9
 Shatter                  Erth           2%         3d6*      100%        9


Dungeon Overview and Level Annotations

Branches:
Dungeon (4/15)
 Temple: D:4-7

Altars:
Beogh


Message History

You add the spells Chain Lightning, Fire Storm and Shatter to your library.
Casting: Foxfire (safe; 1% risk of failure)
Confirm with . or Enter, or press ? or * to list all spells.
You conjure some foxfire!
The ogre shouts!
The foxfire hits the ogre.
The ogre is lightly wounded.
The foxfire hits the ogre.
The ogre is moderately wounded.
There is a stone staircase leading up here.
Casting: Foxfire (safe; 1% risk of failure)
Confirm with . or Enter, or press ? or * to list all spells.
Aiming: Searing Ray (safe; 1% risk of failure)
Press: ? - help, Shift-Dir - straight line, f - ogre
Aim: an ogre, wielding a +0 giant club (lightly wounded, 89% to hit)
The searing ray misses the ogre. (Press . to maintain the ray.)
The searing ray hits the ogre.
The ogre is moderately wounded.
The searing ray hits the ogre.
The ogre is heavily wounded.
The ogre hits you with a +0 giant club!
Ouch! That really hurt!
The searing ray hits the ogre.
The ogre is heavily wounded.
You finish channelling your searing ray.
Casting: Searing Ray (safe; 1% risk of failure)
Confirm with . or Enter, or press ? or * to list all spells.
You conjure some foxfire!
The ogre misses you.
The foxfire hits the ogre.
The ogre is severely wounded.
The foxfire hits the ogre.
The ogre is almost dead.
The ogre closely misses you.
Unknown command.
Casting: Foxfire (safe; 1% risk of failure)
Confirm with . or Enter, or press ? or * to list all spells.
You conjure some foxfire!
The ogre hits you with a +0 giant club!
Ouch! That really hurt!
You die...

#.....##.##.
##.###.O.#..
##......#.....#
###.....###......#
##.......#.........
#..................
###.......##.......
#......O......##.
###....@.......
##..vv.......
#...##.##... #...#
.8# .. #....# .##
#....# .....#
......#


You could see an ogre (ally target).

Vanquished Creatures
  Natasha (twice) (D:2)
  4 adders
  An ufetubus (D:3)
  An adder skeleton (D:2)
  5 dart slugs
  4 orcs (D:3)
  6 ball pythons
  4 bats
  5 endoplasms
  2 giant cockroaches
  7 hobgoblins
  5 jackals (D:3)
  6 frilled lizards
  A goblin (D:3)
  5 kobolds
  9 rats
67 creatures vanquished.

Vanquished Creatures (collateral kills)
  4 foxfires
4 creatures vanquished.

Vanquished Creatures (others)
  410 foxfires
  7 plants (D:3)
417 creatures vanquished.

Grand Total: 488 creatures vanquished

Notes
Turn   | Place    | Note
-------+----------+-------------------------------------------
     0 | D:1      | bnorton916 the Deep Elf Fire Elementalist began the quest
                  | for the Orb.
     0 | D:1      | Reached XP level 1. HP: 10/10 MP: 6/6
   242 | D:1      | Reached XP level 2. HP: 15/15 MP: 4/8
  1376 | D:1      | Reached XP level 3. HP: 19/19 MP: 7/10
  1442 | D:1      | Found a faded altar of an unknown god.
  1938 | D:2      | Noticed Natasha
  1957 | D:2      | Killed Natasha
  1958 | D:2      | Reached XP level 4. HP: 13/24 MP: 6/12
  2360 | D:2      | Noticed Natasha
  2501 | D:2      | Killed Natasha
  3122 | D:3      | Reached XP level 5. HP: 28/28 MP: 10/13
  3639 | D:3      | Learned a level 2 spell: Searing Ray
  3908 | D:4      | Noticed an ogre
  3927 | D:4      | Slain by an ogre

Illustrated notes

Levels and vault maps discovered:
D:1:      eino_arrival_druids_welcome, layout_basic,
          hellmonk_ecumenical_altar_defaced_shrine
D:2:      layout_rooms, uniq_natasha
D:3:      layout_basic, serial_bayou_pond_c, kennysheep_potato
D:4:      layout_cave_pools, amcnicky_mini_corridor_feature

Skill      XL: |  1  2  3  4 |
---------------+-------------+-----
Conjurations   | 2 3 |  3.2
Fire Magic     | 4 |  4.6
Spellcasting   | 4 |  4.9
Dodging        | |  2.4
Stealth        | |  2.4

Action                   |  1- 3 |  4- 6 || total
-------------------------+-------+-------++-------
 Cast: Foxfire           |   132 |   111 ||   243
       Searing Ray       |       |     1 ||     1
Armor: Robe              |     4 |     1 ||     5
Dodge: Dodged            |     5 |     5 ||    10
